 Dungeon Crawl Stone Soup version 0.19.5 (webtiles) character file.

70 wolfsongas the Cudgeler (level 4, -1/35 HPs)
             Began as a Demonspawn Berserker on May 5, 2017.
             Was a Believer of Trog.
             Slain by a worm (3 damage)
             ... on level 2 of the Dungeon.
             The game lasted 00:02:53 (1617 turns).

wolfsongas the Cudgeler (Demonspawn Berserker)      Turns: 1617, Time: 00:02:54

Health: -1/35      AC:  4    Str: 18    XL:     4   Next: 4%
Magic:  0/4        EV: 12    Int:  9    God:    Trog [**....]
Gold:   108        SH:  0    Dex: 12    Spells: 0 memorised, 3 levels left

rFire  . . .     SeeInvis .     i - +0 flail
rCold  . . .     Gourm    .     e - +0 robe (curse)
rNeg   . . .     Faith    .     (no shield)
rPois  .         Spirit   +     (no helmet)
rElec  .         Reflect  .     (no cloak)
rCorr  .         Harm     .     (no gloves)
MR     ++...                    (no boots)
Stlth  +.........               (no amulet)
                                (no ring)
                                (no ring)

@: exhausted, regenerating
A: thin metallic scales 1, magic shield, rot immunity
a: Berserk, Trog's Hand, Burn Spellbooks, Renounce Religion


You were on level 2 of the Dungeon.
You worshipped Trog.
Trog was pleased with you.
You were full.

You visited 1 branch of the dungeon, and saw 2 of its levels.

You collected 108 gold pieces.

Inventory:

Hand Weapons
 i - a +0 flail (weapon)
Armour
 b - a +0 animal skin
 e - a cursed +0 robe (worn)
 j - a +0 chain mail
Scrolls
 f - a scroll of identify
 g - a scroll of teleportation
Potions
 d - a potion of flight
Comestibles
 c - 2 bread rations
 h - a slice of pizza


   Skills:
 - Level 3.0 Fighting
 * Level 4.4 Maces & Flails
 - Level 1.7 Armour
 - Level 1.7 Dodging


You had 3 spell levels left.
You didn't know any spells.

Dungeon Overview and Level Annotations

Branches:
Dungeon (2/15)

Altars:


Innate Abilities, Weirdness & Mutations

You are partially covered in thin metallic scales. (AC +2)
When hurt, damage is shared between your health and your magic reserves.
You are immune to rotting.


Message History

The goblin hits you with a dagger.
* * * LOW HITPOINT WARNING * * *
The kobold misses you.
You are too injured to fight recklessly!
You are too injured to fight recklessly!
You are too injured to fight recklessly!
You are too injured to fight recklessly!
You are too injured to fight recklessly!
You are too injured to fight recklessly!
Your skin crawls.
You feel resistant to hostile enchantments.
You feel quite a bit less full. The goblin completely misses you.
The worm bites you.
* * * LOW HITPOINT WARNING * * *
The kobold closely misses you.
You completely miss the kobold. The goblin barely misses you.
The kobold hits you with a war axe!
* * * LOW HITPOINT WARNING * * *
The worm bites you.
You die...

#. ####### #####.
..8.8.8
......####.......
.................
.................
..........gg.....
........gKwg.....
#.....g@gg8.8.8 #
#####(######### #
#.####.... #
#..........# #
####..........# #
#.............# #
#.............# #
#.............# #
####..........#
####


You could see a worm, a hobgoblin, 6 goblins and a kobold.

Vanquished Creatures
  Terence (D:2)
  An adder (D:2)
  A dart slug (D:2)
  A leopard gecko (D:1)
  3 bats (D:1)
  A giant cockroach (D:2)
  3 goblins (D:1)
  8 jackals (D:2)
  3 kobolds
  A ball python (D:1)
  4 frilled lizards
  5 rats
32 creatures vanquished.

Notes
Turn   | Place    | Note
-------+----------+-------------------------------------------
     0 | D:1      | wolfsongas the Demonspawn Berserker began the quest for the Orb.
     0 | D:1      | Reached XP level 1. HP: 18/18 MP: 1/1
   161 | D:1      | Reached skill level 3 in Maces & Flails
   199 | D:1      | Gained mutation: You are partially covered in thin metallic scales. (AC +2) [demonic ancestry]
   199 | D:1      | Reached XP level 2. HP: 16/24 MP: 2/2
   838 | D:2      | Gained mutation: When hurt, damage is shared between your health and your magic reserves. [demonic ancestry]
   838 | D:2      | Reached XP level 3. HP: 4/29 MP: 3/3
   852 | D:2      | Reached ** piety under Trog
  1205 | D:2      | Reached skill level 4 in Maces & Flails
  1584 | D:2      | Noticed Terence
  1591 | D:2      | Killed Terence
  1591 | D:2      | Gained mutation: You are immune to rotting. [demonic ancestry]
  1591 | D:2      | Reached XP level 4. HP: 35/35 MP: 4/4
  1617 | D:2      | Slain by a worm

Skill      XL: |  1  2  3 |
---------------+----------+-----
Maces & Flails | 3 4 |  4.4
Fighting       | |  3.0
Armour         | |  1.7
Dodging        | |  1.7

Action                   |  1- 3 |  4- 6 || total
-------------------------+-------+-------++-------
Melee: Mace              |    91 |     1 ||    92
       Flail             |       |     6 ||     6
Invok: Berserk           |     2 |       ||     2
       Trog's Hand       |       |     1 ||     1
  Use: Scroll            |     4 |       ||     4
       Potion            |     1 |       ||     1
 Stab: Sleeping          |     1 |       ||     1
  Eat: Bread ration      |     2 |       ||     2
Armor: Robe              |    42 |     1 ||    43
Dodge: Dodged            |    90 |    12 ||   102
